 Dungeon Crawl Stone Soup version 0.29-a0-1008-g949cc1d0fb (webtiles) character file.

Game seed: 6924433749780621960

237 xian the Magician (level 5, -4/24 HPs)
             Began as a Spriggan Conjurer on Aug 7, 2022.
             Slain by a worm (10 damage)
             ... on level 3 of the Dungeon.
             The game lasted 00:05:39 (2328 turns).

xian the Magician (Spriggan Conjurer)               Turns: 2328, Time: 00:05:40

Health: -4/24      AC:  2    Str:  3    XL:     5   Next: 77%
Magic:  1/21       EV: 17    Int: 22    God:
Gold:   57         SH:  0    Dex: 13    Spells: 10/13 levels left

rFire   . . .      SeeInvis +   c - +0 trident (vorpal)
rCold   . . .      Faith    .   (shield currently unavailable)
rNeg    . . .      Spirit   .   a - +0 robe
rPois   .          Reflect  .   (helmet restricted)
rElec   .          Harm     .   (no cloak)
rCorr   .          Rampage  .   (gloves unavailable)
Will    .....                   (boots unavailable)
Stlth   ++........              (no amulet)
HPRegen 0.08/turn               k - ring of magical power
MPRegen 0.17/turn               (no ring)

@: very quick
A: very small, no large weapons, unfitting armour, see invisible, speed 3
a: no special abilities


You were on level 3 of the Dungeon.
You visited 1 branch of the dungeon, and saw 3 of its levels.

You collected 57 gold pieces.

Inventory:

Hand Weapons
 c - a +0 vorpal trident (weapon)
Missiles
 n - a throwing net
Armour
 a - a +0 robe (worn)
Jewellery
 k - a ring of magical power (left hand)
Scrolls
 e - a scroll of enchant armour
 j - a scroll of immolation
 q - a scroll of vulnerability
Potions
 b - a potion of magic
 f - a potion of might {unknown}
 g - 2 potions of cancellation {unknown}
 h - a potion of heal wounds {unknown}
 i - a potion of berserk rage {unknown}
 l - a potion of degeneration {unknown}
 m - a potion of mutation {unknown}
 o - a potion of flight {unknown}
 p - a potion of lignification {unknown}
 r - a potion of curing {unknown}


   Skills:
 + Level 0.1 Fighting
 + Level 0.7 Polearms
 + Level 3.2 Dodging
 + Level 3.6 Stealth
 + Level 4.5 Spellcasting
 + Level 4.3 Conjurations


You had 10 spell levels left.
You knew the following spells:

 Your Spells              Type           Power      Damage    Failure   Level
a - Magic Dart            Conj           96%        1d7       1%          1
b - Searing Ray           Conj           48%        2d6       2%          2

Your spell library contained the following spells:

 Spells                   Type           Power      Damage    Failure   Level
 Dazzling Flash           Conj/Hex       28%        N/A       13%         3
 Fulminant Prism          Conj/Hex       7%         3d7       38%         4
 Iskenderun's Mystic Bla  Conj/Tloc      14%        2d5       38%         4


Dungeon Overview and Level Annotations

Branches:
Dungeon (3/15)

Altars:


Innate Abilities, Weirdness & Mutations

You are very small and have problems with some larger weapons.
You are too small for most types of armour.
You have supernaturally acute eyesight. (SInv)
You cover ground extremely quickly. (Speed+++)


Message History

The water moccasin misses you. The water moccasin bites you!
The searing ray hits the water moccasin!
The water moccasin is almost dead.
The searing ray hits the orc!
You kill the orc!
The water moccasin misses you.
Unknown command.
The searing ray hits the water moccasin!
You kill the water moccasin!
You finish channelling your searing ray.
Your Spellcasting skill increases to level 4!
You have reached level 5!
You feel clever.
An orc wizard comes into view. It is wielding a +0 dagger.
Reach: c) +0 trident (vorpal)
Press: ? - help, Dir - move target, f - worm
Aim: a worm (about 25% to evade your +0 vorpal trident)
You reach to attack!
You hit the worm.
The worm is lightly wounded.
Casting: Searing Ray (safe; 2% risk of failure)
Confirm with . or Enter, or press ? or * to list all spells.
Aiming: Searing Ray (safe; 2% risk of failure)
Press: ? - help, Shift-Dir - straight line, f - orc wizard, p - worm
Aim: an orc wizard, wielding a +0 dagger and wearing a +0 robe (74% to hit)
The searing ray hits the worm!
The worm is heavily wounded.
The searing ray hits the orc wizard.
The orc wizard is moderately wounded. (Press . to maintain the ray.)
The searing ray hits the worm.
The worm is severely wounded.
The searing ray hits the orc wizard.
The orc wizard is heavily wounded.
The worm bites you!
* * * LOW HITPOINT WARNING * * *
Unknown command.
The searing ray hits the worm.
The worm is almost dead.
The searing ray misses the orc wizard.
The worm bites you!
You die...

... ... ..#
#.# #.##.#
#.# #.#.#
#.###.<# ##
#.....## .o
#.####.# o#
#.# #.## .#
#.######.#.#
#.@wo.)....#
#########...#
..>.# .....#
......#
....w.+
......#
.....##


You could see a worm and an orc wizard.

Vanquished Creatures
  A water moccasin (D:3)
  7 gnolls (D:2)
  2 adders (D:2)
  A worm (D:2)
  An orc (D:3)
  4 endoplasms
  2 goblins (D:1)
  4 hobgoblins
  5 kobolds
  5 ball pythons
  2 bats (D:1)
  2 frilled lizards
  7 rats
43 creatures vanquished.

Notes
Turn   | Place    | Note
-------+----------+-------------------------------------------
     0 | D:1      | xian the Spriggan Conjurer began the quest for the Orb.
     0 | D:1      | Reached XP level 1. HP: 9/9 MP: 5/5
   298 | D:1      | Reached XP level 2. HP: 13/13 MP: 3/6
  1196 | D:1      | Learned a level 2 spell: Searing Ray
  1246 | D:2      | Reached XP level 3. HP: 16/16 MP: 2/8
  1258 | D:2      | Found a faded altar of an unknown god.
  1507 | D:2      | Reached XP level 4. HP: 21/21 MP: 0/10
  2306 | D:3      | Noticed a water moccasin
  2319 | D:3      | Killed a water moccasin
  2320 | D:3      | Reached XP level 5. HP: 14/24 MP: 3/12
  2328 | D:3      | Slain by a worm

Illustrated notes

Levels and vault maps discovered:
D:1:      sevenhm_arrival_forest_fort_large_3, layout_basic, st_stairs_3
D:2:      layout_loops_ring, ebering_ecumenical_altar_webs, minmay_door_square
D:3:      layout_loops_corners, mainiacjoe_overflow_chevrons,
          gup_sewer_entry_pipe

Skill      XL: |  1  2  3  4 |
---------------+-------------+-----
Conjurations   | 3 4 |  4.3
Spellcasting   | 3 4 |  4.5
Dodging        | 3 |  3.2
Fighting       | |  0.1
Polearms       | |  0.7
Stealth        | |  3.6

Action                   |  1- 3 |  4- 6 || total
-------------------------+-------+-------++-------
Melee: Trident           |    11 |    15 ||    26
 Cast: Magic Dart        |    47 |    12 ||    59
       Searing Ray       |     3 |     6 ||     9
  Use: Scroll            |       |     3 ||     3
Armor: Robe              |     1 |     1 ||     2
Dodge: Dodged            |     8 |    20 ||    28

Table legend: (Time is in decaauts)
 A = Elapsed time spent in this place.
 B = Non-inter-level travel time spent in this place.
 C = Inter-level travel time spent in this place.
 D = Time resting spent in this place.
 E = Time spent auto-exploring this place.
 F = Levels seen in this place.
 G = Mean time per level.
                   A        B        C        D        E       F      G
               +--------+--------+--------+--------+--------+-----+--------+
         Total |   1742 |   1685 |     57 |      0 |   1398 |   3 |  580.7 |
       Dungeon |   1742 |   1685 |     57 |      0 |   1398 |   3 |  580.7 |
               +--------+--------+--------+--------+--------+-----+--------+

Top non-repeatable levels by time:
     D:1: 919 daAuts
     D:2: 788 daAuts
     D:3: 34 daAuts
